 Dungeon Crawl Stone Soup version 0.29.0-4-gdea44cf6ec (webtiles) character file.

Game seed: 13131623943921667417

27 qw the Chopper (level 3, -3/29 HPs)
             Began as a Barachi Chaos Knight on Sept 6, 2022.
             Slain by an ice devil (6 damage)
             ... summoned by Xom
             ... on level 1 of the Dungeon.
             The game lasted 00:00:24 (589 turns).

qw the Chopper (Barachi Chaos Knight)                Turns: 589, Time: 00:00:25

Health: -3/29      AC:  5    Str: 15      XL:     3   Next: 10%
Magic:  3/3        EV: 11    Int: 12      God:
Gold:   16         SH:  0    Dex: 10 (11) Spells: 2/2 levels left

rFire   . . .      SeeInvis .   a - +0 hand axe (chaos)
rCold   . . .      Faith    .   (no shield)
rNeg    . . .      Spirit   .   b - +2 leather armour
rPois   .          Reflect  .   (no helmet)
rElec   .          Harm     .   (no cloak)
rCorr   .          Rampage  .   (no gloves)
Will    .....                   (no boots)
Stlth   +.........              (no amulet)
HPRegen 0.09/turn               (no ring)
MPRegen 0.08/turn               (no ring)

@: slow
A: amphibious, slowness 1, strong legs 1, +LOS
a: Hop


You were on level 1 of the Dungeon.
You visited 1 branch of the dungeon, and saw 1 of its levels.

You collected 16 gold pieces.


Innate Abilities, Weirdness & Mutations

You are amphibious.
You cover ground slowly.
You can hop short distances.
You have an extended range of vision and can be seen from far away.


   Skills:
 - Level 3.6 Fighting
 + Level 4.6 Axes
 - Level 2.4 Armour
 - Level 1.1 Dodging


You had 2 spell levels left.
You didn't know any spells.
Your spell library was empty.

Inventory:

Hand Weapons
 a - a +0 hand axe of chaos (weapon)
 f - a +0 club
Armour
 b - a +2 leather armour (worn)
 g - a +0 tower shield
Scrolls
 e - a scroll of magic mapping {unknown}
 h - a scroll of immolation {unknown}
 i - a scroll of amnesia {unknown}
Potions
 d - a potion of attraction {unknown}
 j - a potion of curing {unknown}
Miscellaneous
 c - a piece from Xom's chessboard (15/15)

Dungeon Overview and Level Annotations

Branches:
Dungeon (1/15)

Altars:


Message History

529 ||| Stepping ~*~*~tactically~*~*~ (stealth).
There is an open door here.
You closely miss the hobgoblin. The hobgoblin barely misses you.
You hit the hobgoblin. You burn the hobgoblin.
The hobgoblin is severely wounded.
The hobgoblin hits you but does no damage.
You hit the hobgoblin.
You kill the hobgoblin!
There is an open door here.
There is an open door here. "Fight to survive, mortal."
A white imp comes into view.
You see here 8 gold pieces.
Enter note:
Enter note: You closely miss the hellwing.
You barely miss the quasit. You barely miss the ice devil.
You hit the white imp but do no damage. You hit the quasit but do no damage.
You closely miss the chaos spawn. You hit the hellwing but do no damage.
You hit the quasit but do no damage. You hit the ice devil but do no damage.
The ice devil goes berserk!
You barely miss the white imp. You miss the quasit.
You closely miss the chaos spawn. The ice devil hits you!
Ouch! That really hurt!
The ice devil freezes you! The quasit bites you.
You feel clumsy. The quasit closely misses you.
The quasit completely misses you.
The quasit bites you but does no damage.
The quasit barely misses you.
The quasit claws you but does no damage.
The chaos spawn barely misses you. The hellwing closely misses you.
The hellwing barely misses you.
You hit the hellwing but do no damage.
You hit the chaos spawn but do no damage.
The chaos spawn seems to grow stronger.
You hit the quasit but do no damage. You hit the ice devil.
You burn the ice devil. You miss the quasit. You barely miss the quasit.
The ice devil hits you.
You die...

...............# .#
...............# .#
..>........##..# .#
.<.........# # .#
.............. .#
............... #.#
........##.....##5######.
........##.....#555......
.##....[......##@5#
.##........ #.5444#
............####55#
...######### #..########
##.######### #..........
##...........####.########
.............+...........#
##.......... ####.######.#
###......... #........#


You could see a hellwing (summoned), an ice devil (summoned, berserk), a chaos
spawn (summoned, strong), 5 quasits, a white imp (summoned) and 2 shadow imps.

Vanquished Creatures
  A dart slug (D:1)
  5 endoplasms (D:1)
  3 goblins (D:1)
  A hobgoblin (D:1)
  2 jackals (D:1)
  4 kobolds (D:1)
  A quokka (D:1)
  2 ball pythons (D:1)
  A frilled lizard (D:1)
  A rat (D:1)
21 creatures vanquished.

Notes
Turn   | Place    | Note
-------+----------+-------------------------------------------
     0 | D:1      | qw the Barachi Chaos Knight began the quest for the Orb.
     0 | D:1      | Reached XP level 1. HP: 18/18 MP: 1/1
     0 | D:1      | 0 ||| qw: Version: 0.1-a-108-g9e35731
     0 | D:1      | 0 ||| qw: Game counter: 6272
     0 | D:1      | 0 ||| qw: Always use a shield: true
     0 | D:1      | 0 ||| qw: God list: Okawaru
     0 | D:1      | 0 ||| qw: Allow faded altars: false
     0 | D:1      | 0 ||| qw: Do Orc after D:15 true
     0 | D:1      | 0 ||| qw: Do second Lair branch before Depths: true
     0 | D:1      | 0 ||| qw: Lair rune preference: random
     0 | D:1      | 0 ||| qw: Plans: Normal
     0 | D:1      | 0 ||| PLANNING D:1-11
     0 | D:1      | Fell from the grace of Xom
    17 | D:1      | XOM: summons 4 hostile shadow creatures
    98 | D:1      | 98 ||| Stepping ~*~*~tactically~*~*~ (stealth).
    99 | D:1      | 99 ||| Stepping ~*~*~tactically~*~*~ (stealth).
   127 | D:1      | Reached XP level 2. HP: 20/24 MP: 2/2
   180 | D:1      | 180 ||| Stepping ~*~*~tactically~*~*~ (stealth).
   188 | D:1      | Reached skill level 4 in Axes
   203 | D:1      | 203 ||| Stepping ~*~*~tactically~*~*~ (stealth).
   207 | D:1      | 207 ||| Stepping ~*~*~tactically~*~*~ (stealth).
   255 | D:1      | XOM: noise
   272 | D:1      | 272 ||| Stepping ~*~*~tactically~*~*~ (stealth).
   302 | D:1      | 302 ||| Stepping ~*~*~tactically~*~*~ (stealth).
   304 | D:1      | 304 ||| Stepping ~*~*~tactically~*~*~ (stealth).
   308 | D:1      | 308 ||| Stepping ~*~*~tactically~*~*~ (stealth).
   321 | D:1      | 321 ||| Stepping ~*~*~tactically~*~*~ (stealth).
   473 | D:1      | Reached XP level 3. HP: 29/29 MP: 3/3
   529 | D:1      | 529 ||| Stepping ~*~*~tactically~*~*~ (stealth).
   586 | D:1      | XOM: summons 11 hostile demons
   587 | D:1      | Noticed a chaos spawn
   587 | D:1      | Noticed a hellwing
   587 | D:1      | Noticed an ice devil
   588 | D:1      | HP: 5/29 [ice devil[Xom] (8)]
   589 | D:1      | Slain by an ice devil

Levels and vault maps discovered:
D:1:      dpeg_arrival_stonehenge_8_columns, layout_basic, serial_curves,
          eino_curves_03, eino_curves_04

Skill      XL: |  1  2 |
---------------+-------+-----
Axes           | 4 |  4.6
Fighting       | |  3.6
Armour         | |  2.4
Dodging        | |  1.1

Action                   || total
-------------------------++-------
Melee: Hand axe          ||    59
Invok: Renounce Religion ||     1
Armor: Leather armour    ||    11
Dodge: Dodged            ||    51

Table legend:
 A = Non-vault XP
 B = Vault XP
 C = Vault XP percentage of total XP
 D = Non-vault monster count
 E = Vault monster count
 F = Vault count percentage of total count
                 A         B        C        D         E       F
            +---------+---------+-------+---------+---------+-------
      Total |      39 |       0 |   0.0 |      21 |       0 |   0.0
            +---------+---------+-------+---------+---------+-------
        D:1 |      39 |       0 |   0.0 |      21 |       0 |   0.0
            +---------+---------+-------+---------+---------+-------
